[ AOE2 MATCH · #463560844 ]
Team RMSpanish vs Koreans
[ REPLAY ANALYSIS · EXTRACTED FROM THE RECORDED GAME ]
Feudal
—
Castle
—
Imperial
—
| APM avg | 1.6 |
| APM peak | 18 |
| eAPM avg | 1.2 |
| Villagers / military | 25 / 0 |
Focus
⚔️ 1.6% · 🌾 98.4%
Feudal
12:09
Castle
18:29
Imperial
40:31
| APM avg | 15.8 |
| APM peak | 39 |
| eAPM avg | 12.5 |
| Villagers / military | 166 / 266 |
Focus
⚔️ 31.2% · 🌾 68.8%
Archer ×173 · Militia ×62 · Longbowman ×15 · Trade Cart ×10 · Battering Ram ×7 · Mangonel ×4
Feudal
15:02
Castle
22:35
Imperial
40:29
| APM avg | 22.5 |
| APM peak | 58 |
| eAPM avg | 11.0 |
| Villagers / military | 84 / 173 |
Focus
⚔️ 48.9% · 🌾 51.1%
Militia ×59 · Skirmisher ×49 · Composite Bowman ×47 · Trebuchet (Packed) ×8 · Monk ×7 · Mangonel ×3
Feudal
—
Castle
—
Imperial
—
| APM avg | 11.0 |
| APM peak | 41 |
| eAPM avg | 10.6 |
| Villagers / military | 116 / 158 |
Focus
⚔️ 38.1% · 🌾 61.9%
Skirmisher ×108 · Bombard Cannon ×20 · Throwing Axeman ×19 · Fishing Ship ×14 · Scout Cavalry ×8 · Knight ×3
Feudal
11:09
Castle
25:05
Imperial
40:04
| APM avg | 17.0 |
| APM peak | 42 |
| eAPM avg | 13.5 |
| Villagers / military | 173 / 123 |
Focus
⚔️ 21.1% · 🌾 78.9%
Coustillier ×95 · Trade Cart ×26 · Monk ×10 · Knight ×9 · Flemish Militia ×3 · Mangonel ×2
Feudal
10:58
Castle
21:33
Imperial
33:03
| APM avg | 15.4 |
| APM peak | 27 |
| eAPM avg | 12.6 |
| Villagers / military | 112 / 165 |
Focus
⚔️ 27.7% · 🌾 72.3%
Woad Raider ×115 · Mangonel ×31 · Fishing Ship ×15 · Trebuchet (Packed) ×12 · Trade Cart ×10 · Spearman ×5
Feudal
12:19
Castle
18:37
Imperial
38:57
| APM avg | 10.9 |
| APM peak | 50 |
| eAPM avg | 10.1 |
| Villagers / military | 125 / 193 |
Focus
⚔️ 35.4% · 🌾 64.6%
Spearman ×127 · Scorpion ×45 · Trade Cart ×22 · Trebuchet (Packed) ×21
Feudal
11:55
Castle
25:00
Imperial
39:35
| APM avg | 12.4 |
| APM peak | 30 |
| eAPM avg | 10.1 |
| Villagers / military | 66 / 114 |
Focus
⚔️ 32.6% · 🌾 67.4%
Skirmisher ×78 · Trade Cart ×13 · Iron Pagoda ×13 · Spearman ×10 · Archer ×7 · Trebuchet (Packed) ×6
Match map
Initial resources + every placement click. Lines = walls · curves = elevation contours. ◆ gold · ⬟ stone · ● berries · ✦ relic · ◌ wall gap
Inputs per minute
— TrashBoat5023 - - eltigre
Build order — TrashBoat5023
37 actions detected in the replay
| 0:13 | Build | House |
| 0:14 | Build | House |
| 0:15 | Build | House |
| 0:18 | Build | House |
| 0:20 | Create | Villager (Male) ×4 |
| 0:20 | Create | Villager (Male) |
| 2:21 | Create | Villager (Male) |
| 2:21 | Create | Villager (Male) |
| 2:22 | Research | Loom |
| 3:00 | Create | Villager (Male) |
| 3:39 | Create | Villager (Male) |
| 3:40 | Create | Villager (Male) |
| 4:20 | Create | Villager (Male) |
| 4:21 | Create | Villager (Male) |
| 4:40 | Build | Palisade Wall |
| 4:47 | Create | Villager (Male) |
| 4:47 | Create | Villager (Male) |
| 6:02 | Create | Villager (Male) ×4 |
| 6:28 | Create | Villager (Male) |
| 6:28 | Create | Villager (Male) |
| 7:09 | Build | House |
| 7:12 | Build | House |
| 7:17 | Build | House |
| 7:22 | Build | House |
| 8:20 | Build | Lumber Camp |
| 8:32 | Build | Mill |
| 8:35 | Create | Villager (Male) |
| 8:36 | Create | Villager (Male) |
| 8:36 | Create | Villager (Male) |
| 9:20 | Build | Farm |
| 9:25 | Build | Farm |
| 9:30 | Build | Farm |
| 9:51 | Build | Farm |
| 10:35 | Build | Farm |
| 10:38 | Create | Villager (Male) |
| 10:38 | Create | Villager (Male) |
| 11:11 | Build | Farm |
Build order — eltigre
First 150 of 415 actions detected
| 0:01 | Create | Villager (Male) |
| 0:02 | Create | Villager (Male) |
| 0:02 | Create | Villager (Male) |
| 0:03 | Build | House |
| 0:05 | Build | House |
| 0:05 | Create | Villager (Male) |
| 0:06 | Create | Villager (Male) |
| 0:48 | Build | Palisade Wall |
| 1:09 | Build | Palisade Wall |
| 1:31 | Build | Palisade Wall |
| 1:45 | Create | Villager (Male) |
| 1:45 | Create | Villager (Male) |
| 2:20 | Create | Villager (Male) |
| 2:20 | Create | Villager (Male) |
| 2:29 | Create | Villager (Male) |
| 3:05 | Build | House |
| 3:08 | Create | Villager (Male) |
| 3:08 | Create | Villager (Male) |
| 3:08 | Create | Villager (Male) |
| 3:55 | Create | Villager (Male) |
| 3:56 | Create | Villager (Male) |
| 4:35 | Build | Lumber Camp |
| 4:55 | Build | House |
| 5:49 | Create | Villager (Male) |
| 5:49 | Create | Villager (Male) |
| 5:50 | Create | Villager (Male) |
| 6:29 | Build | Mill |
| 6:30 | Create | Villager (Male) |
| 6:30 | Create | Villager (Male) |
| 6:50 | Create | Villager (Male) |
| 7:48 | Create | Villager (Male) |
| 7:52 | Create | Villager (Male) |
| 8:28 | Create | Villager (Male) |
| 8:46 | Create | Villager (Male) |
| 9:14 | Build | Mining Camp |
| 9:46 | Research | Feudal Age |
| 10:22 | Build | House |
| 10:33 | Build | House |
| 11:28 | Build | House |
| 12:02 | Build | Farm |
| 12:03 | Build | Farm |
| 12:04 | Build | Farm |
| 12:06 | Build | Farm |
| 12:07 | Build | Farm |
| 12:09 | Build | Farm |
| 12:09 | Age | Feudal Age |
| 12:11 | Build | Farm |
| 12:13 | Build | Farm |
| 12:14 | Create | Villager (Male) |
| 12:15 | Create | Villager (Male) |
| 12:26 | Research | Double-Bit Axe |
| 12:30 | Research | Horse Collar |
| 12:44 | Build | Market |
| 13:10 | Create | Villager (Male) |
| 13:11 | Create | Villager (Male) |
| 13:15 | Create | Villager (Male) |
| 13:26 | Build | Blacksmith |
| 14:07 | Create | Villager (Male) |
| 14:32 | Build | Farm |
| 14:55 | Create | Villager (Male) |
| 14:58 | Build | Mining Camp |
| 15:06 | Create | Villager (Male) |
| 15:28 | Build | Farm |
| 15:44 | Build | Lumber Camp |
| 15:49 | Research | Castle Age |
| 16:20 | Research | Stone Mining |
| 16:48 | Create | Villager (Male) |
| 16:49 | Create | Villager (Male) |
| 17:07 | Research | Gold Mining |
| 17:17 | Research | Fletching |
| 17:29 | Build | Farm |
| 17:33 | Build | Farm |
| 18:07 | Research | Padded Archer Armor |
| 18:18 | Build | Barracks |
| 18:29 | Age | Castle Age |
| 18:34 | Build | Town Center |
| 18:43 | Build | Town Center |
| 18:48 | Create | Villager (Male) |
| 18:48 | Create | Villager (Male) |
| 19:12 | Research | Leather Archer Armor |
| 19:16 | Create | Villager (Male) |
| 19:26 | Build | Archery Range |
| 19:39 | Create | Villager (Male) |
| 19:44 | Build | Farm |
| 19:51 | Create | Villager (Male) |
| 19:51 | Create | Villager (Male) |
| 20:00 | Create | Villager (Male) |
| 20:00 | Create | Villager (Male) |
| 20:09 | Build | Farm |
| 20:28 | Create | Archer |
| 20:28 | Create | Archer |
| 20:28 | Create | Archer |
| 20:31 | Create | Archer |
| 20:35 | Create | Villager (Male) |
| 20:35 | Create | Villager (Male) |
| 20:39 | Create | Villager (Male) |
| 20:45 | Create | Villager (Male) |
| 20:48 | Create | Villager (Male) |
| 21:08 | Create | Villager (Male) |
| 21:10 | Create | Villager (Male) |
| 21:16 | Create | Villager (Male) |
| 21:30 | Build | Farm |
| 21:42 | Create | Villager (Male) |
| 21:44 | Create | Villager (Male) |
| 21:59 | Build | House |
| 22:01 | Build | House |
| 22:03 | Build | Farm |
| 22:04 | Create | Villager (Male) |
| 22:10 | Create | Villager (Male) |
| 22:28 | Create | Villager (Male) |
| 22:38 | Research | Crossbowman (upgrade) |
| 22:43 | Create | Villager (Male) |
| 22:49 | Build | Farm |
| 22:54 | Build | Farm |
| 22:58 | Build | Farm |
| 23:05 | Build | House |
| 23:06 | Build | House |
| 23:17 | Create | Archer |
| 23:23 | Create | Archer |
| 23:30 | Create | Villager (Male) |
| 23:32 | Create | Villager (Male) |
| 23:33 | Create | Villager (Male) |
| 23:34 | Create | Villager (Male) |
| 23:40 | Build | Farm |
| 23:45 | Create | Villager (Male) |
| 23:46 | Create | Villager (Male) |
| 24:13 | Create | Villager (Male) |
| 24:15 | Create | Villager (Male) |
| 24:16 | Create | Villager (Male) |
| 24:36 | Create | Villager (Male) |
| 24:38 | Create | Villager (Male) |
| 24:39 | Create | Villager (Male) |
| 24:48 | Create | Villager (Male) |
| 25:09 | Create | Villager (Male) |
| 25:10 | Create | Villager (Male) |
| 25:15 | Create | Villager (Male) |
| 25:22 | Build | House |
| 25:24 | Build | House |
| 25:25 | Build | House |
| 26:13 | Create | Villager (Male) |
| 26:14 | Create | Villager (Male) |
| 26:15 | Create | Villager (Male) |
| 26:15 | Create | Villager (Male) |
| 26:21 | Create | Villager (Male) |
| 26:22 | Create | Villager (Male) |
| 26:23 | Create | Villager (Male) |
| 26:25 | Create | Villager (Male) |
| 26:35 | Build | Archery Range |
| 26:36 | Build | Archery Range |
| 26:39 | Build | Archery Range |
Build order — HorikBull91
First 150 of 395 actions detected
| 0:06 | Build | House |
| 0:11 | Build | House |
| 0:18 | Build | House |
| 1:18 | Create | Villager (Male) |
| 1:18 | Create | Villager (Male) |
| 1:18 | Create | Villager (Male) |
| 1:19 | Create | Villager (Male) |
| 1:19 | Create | Villager (Male) |
| 2:58 | Create | Villager (Male) |
| 2:58 | Create | Villager (Male) |
| 3:50 | Create | Villager (Male) |
| 3:50 | Create | Villager (Male) |
| 3:51 | Create | Villager (Male) |
| 4:50 | Create | Villager (Male) |
| 4:50 | Create | Villager (Male) |
| 4:51 | Create | Villager (Male) |
| 4:51 | Create | Villager (Male) |
| 5:39 | Create | Villager (Male) |
| 5:39 | Create | Villager (Male) |
| 5:55 | Create | Villager (Male) |
| 5:55 | Create | Villager (Male) |
| 5:55 | Create | Villager (Male) |
| 6:25 | Create | Villager (Male) |
| 6:25 | Create | Villager (Male) |
| 6:42 | Build | House |
| 7:21 | Create | Villager (Male) |
| 7:22 | Create | Villager (Male) |
| 7:22 | Create | Villager (Male) |
| 7:23 | Create | Villager (Male) |
| 7:47 | Create | Villager (Male) |
| 7:48 | Create | Villager (Male) |
| 8:25 | Build | Mule Cart |
| 8:47 | Create | Villager (Male) |
| 8:48 | Create | Villager (Male) |
| 9:40 | Create | Villager (Male) |
| 9:41 | Create | Villager (Male) |
| 9:52 | Build | House |
| 10:04 | Create | Villager (Male) |
| 10:05 | Create | Villager (Male) |
| 10:05 | Create | Villager (Male) |
| 10:51 | Build | Mill |
| 11:26 | Create | Villager (Male) |
| 11:27 | Create | Villager (Male) |
| 11:27 | Create | Villager (Male) |
| 11:28 | Create | Villager (Male) |
| 11:47 | Build | Palisade Wall |
| 11:54 | Build | Palisade Wall |
| 11:58 | Build | Palisade Wall |
| 12:44 | Build | House |
| 12:48 | Research | Feudal Age |
| 13:10 | Build | Palisade Wall |
| 13:21 | Build | Palisade Wall |
| 13:50 | Build | House |
| 14:05 | Build | Outpost |
| 14:25 | Research | Loom |
| 14:37 | Build | Mule Cart |
| 15:02 | Age | Feudal Age |
| 15:15 | Build | Barracks |
| 15:24 | Research | Double-Bit Axe |
| 15:41 | Create | Villager (Male) |
| 15:42 | Create | Villager (Male) |
| 15:42 | Create | Villager (Male) |
| 15:42 | Create | Villager (Male) |
| 16:05 | Build | Farm |
| 16:08 | Build | Farm |
| 16:10 | Build | Farm |
| 16:14 | Build | Farm |
| 16:16 | Build | Farm |
| 16:19 | Build | Farm |
| 16:24 | Build | Farm |
| 16:26 | Build | Farm |
| 16:38 | Build | Archery Range |
| 17:07 | Research | Gold Mining |
| 17:09 | Research | Horse Collar |
| 17:14 | Create | Villager (Male) |
| 17:15 | Create | Villager (Male) |
| 17:15 | Create | Villager (Male) |
| 17:15 | Create | Villager (Male) |
| 17:15 | Create | Villager (Male) |
| 17:54 | Build | House |
| 18:14 | Build | Market |
| 18:48 | Build | Stone Wall |
| 18:52 | Build | Stone Wall |
| 18:54 | Build | Stone Wall |
| 18:56 | Build | Stone Wall |
| 18:59 | Build | Stone Wall |
| 19:00 | Build | Stone Wall |
| 19:04 | Build | Stone Wall |
| 19:36 | Build | Dock |
| 19:51 | Build | Blacksmith |
| 19:55 | Research | Castle Age |
| 19:57 | Research | Wheelbarrow |
| 19:58 | Research | Town Watch |
| 20:05 | Create | Fishing Ship |
| 20:36 | Create | Fishing Ship |
| 21:01 | Build | Farm |
| 21:02 | Build | Farm |
| 21:03 | Build | Farm |
| 21:15 | Build | Fish Trap |
| 21:36 | Build | Farm |
| 21:37 | Build | Farm |
| 21:45 | Build | Farm |
| 21:46 | Build | Farm |
| 21:59 | Build | Fish Trap |
| 22:16 | Build | Farm |
| 22:17 | Build | Farm |
| 22:23 | Build | Farm |
| 22:35 | Age | Castle Age |
| 22:59 | Build | Town Center |
| 23:18 | Build | Farm |
| 23:42 | Build | Farm |
| 23:48 | Create | Villager (Male) |
| 23:48 | Create | Villager (Male) |
| 23:48 | Create | Villager (Male) |
| 23:49 | Create | Villager (Male) |
| 23:49 | Create | Villager (Male) |
| 23:49 | Create | Villager (Male) |
| 23:50 | Create | Villager (Male) |
| 23:50 | Create | Villager (Male) |
| 23:50 | Create | Villager (Male) |
| 23:51 | Create | Villager (Male) |
| 24:32 | Create | Villager (Male) |
| 24:32 | Create | Villager (Male) |
| 24:32 | Create | Villager (Male) |
| 24:33 | Create | Villager (Male) |
| 24:33 | Create | Villager (Male) |
| 25:23 | Research | Tech 906 |
| 25:32 | Create | Villager (Male) |
| 25:33 | Create | Villager (Male) |
| 25:33 | Create | Villager (Male) |
| 25:33 | Create | Villager (Male) |
| 25:34 | Create | Villager (Male) |
| 25:34 | Create | Villager (Male) |
| 26:03 | Build | House |
| 26:05 | Build | House |
| 26:06 | Build | House |
| 26:07 | Build | House |
| 26:20 | Build | House |
| 26:38 | Research | Stone Mining |
| 27:16 | Create | Villager (Male) |
| 27:16 | Create | Villager (Male) |
| 28:29 | Build | Castle |
| 28:38 | Create | Villager (Male) |
| 28:38 | Create | Villager (Male) |
| 28:38 | Create | Villager (Male) |
| 28:39 | Create | Villager (Male) |
| 28:39 | Create | Villager (Male) |
| 28:39 | Create | Villager (Male) |
| 28:42 | Research | Fletching |
| 28:43 | Research | Padded Archer Armor |
Build order — Gamer 0071910
First 150 of 463 actions detected
| 0:57 | Build | House |
| 0:59 | Build | House |
| 1:01 | Build | House |
| 1:18 | Research | Loom |
| 1:19 | Create | Villager (Male) |
| 1:19 | Create | Villager (Male) |
| 1:19 | Create | Villager (Male) |
| 1:20 | Create | Villager (Male) |
| 1:20 | Create | Villager (Male) |
| 2:31 | Build | Lumber Camp |
| 3:12 | Create | Villager (Male) |
| 4:28 | Create | Villager (Male) |
| 4:28 | Create | Villager (Male) |
| 5:06 | Create | Villager (Male) |
| 5:50 | Build | Mill |
| 6:02 | Create | Villager (Male) |
| 6:03 | Create | Villager (Male) |
| 6:07 | Create | Villager (Male) |
| 7:12 | Create | Villager (Male) |
| 7:12 | Create | Villager (Male) |
| 7:46 | Build | Barracks |
| 8:03 | Build | House |
| 8:04 | Build | House |
| 8:40 | Create | Villager (Male) |
| 8:40 | Create | Villager (Male) |
| 8:40 | Create | Villager (Male) |
| 8:40 | Create | Villager (Male) |
| 8:41 | Create | Villager (Male) |
| 9:18 | Create | Villager (Male) |
| 9:18 | Create | Villager (Male) |
| 10:17 | Build | Dock |
| 10:56 | Build | Mining Camp |
| 11:04 | Create | Villager (Male) |
| 11:05 | Create | Villager (Male) |
| 11:05 | Create | Villager (Male) |
| 12:22 | Research | Feudal Age |
| 12:34 | Build | Mining Camp |
| 12:52 | Create | Fishing Ship |
| 12:53 | Create | Fishing Ship |
| 12:53 | Create | Fishing Ship |
| 13:26 | Create | Fishing Ship |
| 13:26 | Create | Fishing Ship |
| 13:26 | Create | Fishing Ship |
| 13:42 | Build | Lumber Camp |
| 14:02 | Build | House |
| 14:03 | Build | House |
| 14:04 | Build | House |
| 14:06 | Build | House |
| 14:07 | Build | House |
| 14:08 | Build | House |
| 14:34 | Build | House |
| 14:35 | Build | House |
| 14:36 | Build | House |
| 14:38 | Build | House |
| 14:39 | Build | House |
| 14:42 | Build | House |
| 14:43 | Build | House |
| 14:44 | Build | House |
| 14:45 | Build | House |
| 14:50 | Build | House |
| 15:36 | Create | Villager (Male) |
| 15:36 | Create | Villager (Male) |
| 15:47 | Build | Farm |
| 15:49 | Build | Farm |
| 15:51 | Build | Farm |
| 15:53 | Build | Farm |
| 15:55 | Build | Farm |
| 15:57 | Build | Farm |
| 15:59 | Build | Farm |
| 16:00 | Build | Farm |
| 16:11 | Build | Farm |
| 16:48 | Build | Farm |
| 16:50 | Build | Farm |
| 16:51 | Build | Farm |
| 16:53 | Build | Farm |
| 17:12 | Create | Villager (Male) |
| 17:12 | Create | Villager (Male) |
| 17:13 | Create | Villager (Male) |
| 17:41 | Build | Mill |
| 17:55 | Build | Mill |
| 18:17 | Build | Mill |
| 18:21 | Create | Villager (Male) |
| 18:21 | Create | Villager (Male) |
| 18:21 | Create | Villager (Male) |
| 18:22 | Create | Villager (Male) |
| 18:22 | Create | Villager (Male) |
| 18:22 | Create | Villager (Male) |
| 18:34 | Build | Farm |
| 19:04 | Build | Farm |
| 19:23 | Research | Town Watch |
| 19:25 | Research | Wheelbarrow |
| 19:26 | Create | Villager (Male) |
| 19:26 | Create | Villager (Male) |
| 19:26 | Create | Villager (Male) |
| 20:13 | Build | Blacksmith |
| 20:41 | Create | Villager (Male) |
| 20:41 | Create | Villager (Male) |
| 20:41 | Create | Villager (Male) |
| 20:41 | Create | Villager (Male) |
| 20:42 | Create | Villager (Male) |
| 20:42 | Create | Villager (Male) |
| 20:42 | Create | Villager (Male) |
| 20:43 | Create | Villager (Male) |
| 20:43 | Create | Villager (Male) |
| 20:55 | Build | Lumber Camp |
| 21:11 | Create | Villager (Male) |
| 21:11 | Create | Villager (Male) |
| 21:12 | Create | Villager (Male) |
| 21:12 | Create | Villager (Male) |
| 21:44 | Build | Archery Range |
| 22:07 | Research | Gold Mining |
| 22:40 | Build | Fish Trap |
| 23:07 | Build | Fish Trap |
| 23:18 | Build | Fish Trap |
| 23:35 | Research | Stone Mining |
| 23:54 | Build | Fish Trap |
| 24:13 | Research | Tech 906 |
| 24:18 | Research | Double-Bit Axe |
| 24:38 | Research | Castle Age |
| 24:59 | Research | Padded Archer Armor |
| 25:00 | Research | Scale Barding Armor |
| 25:01 | Research | Scale Mail Armor |
| 25:03 | Research | Fletching |
| 25:36 | Create | Villager (Male) |
| 25:37 | Create | Villager (Male) |
| 25:37 | Create | Villager (Male) |
| 25:37 | Create | Villager (Male) |
| 25:38 | Create | Villager (Male) |
| 25:38 | Create | Villager (Male) |
| 25:46 | Create | Fishing Ship |
| 25:47 | Create | Fishing Ship |
| 25:47 | Create | Fishing Ship |
| 25:47 | Create | Fishing Ship |
| 25:47 | Create | Fishing Ship |
| 25:58 | Create | Fishing Ship |
| 26:04 | Create | Fishing Ship |
| 26:10 | Create | Fishing Ship |
| 26:37 | Build | Fish Trap |
| 27:32 | Build | Fish Trap |
| 27:43 | Create | Villager (Male) |
| 27:43 | Create | Villager (Male) |
| 27:43 | Create | Villager (Male) |
| 27:43 | Create | Villager (Male) |
| 27:44 | Create | Villager (Male) |
| 27:44 | Create | Villager (Male) |
| 27:44 | Create | Villager (Male) |
| 27:44 | Create | Villager (Male) |
| 28:01 | Build | Town Center |
| 28:11 | Build | Fish Trap |
| 28:17 | Research | Chain Barding Armor |
Build order — Naptime
First 150 of 509 actions detected
| 0:16 | Create | Villager (Male) |
| 0:16 | Create | Villager (Male) |
| 0:17 | Create | Villager (Male) |
| 0:17 | Create | Villager (Male) |
| 0:23 | Build | House |
| 0:24 | Build | House |
| 1:42 | Create | Villager (Male) |
| 1:43 | Create | Villager (Male) |
| 5:30 | Create | Villager (Male) |
| 5:30 | Create | Villager (Male) |
| 5:31 | Create | Villager (Male) |
| 5:31 | Create | Villager (Male) |
| 5:31 | Create | Villager (Male) |
| 5:31 | Create | Villager (Male) |
| 5:51 | Build | Mill |
| 6:59 | Create | Villager (Male) |
| 6:59 | Create | Villager (Male) |
| 6:59 | Create | Villager (Male) |
| 6:59 | Create | Villager (Male) |
| 7:00 | Create | Villager (Male) |
| 7:00 | Create | Villager (Male) |
| 7:16 | Build | Lumber Camp |
| 8:59 | Research | Feudal Age |
| 9:04 | Build | House |
| 9:09 | Build | House |
| 10:27 | Create | Villager (Male) |
| 10:27 | Create | Villager (Male) |
| 10:28 | Create | Villager (Male) |
| 11:09 | Age | Feudal Age |
| 11:34 | Create | Villager (Male) |
| 13:31 | Create | Villager (Male) |
| 13:31 | Create | Villager (Male) |
| 13:32 | Create | Villager (Male) |
| 13:33 | Create | Villager (Male) |
| 13:33 | Create | Villager (Male) |
| 15:38 | Build | Barracks |
| 16:55 | Build | Farm |
| 16:55 | Build | Farm |
| 16:57 | Create | Villager (Male) |
| 16:57 | Create | Villager (Male) |
| 16:57 | Create | Villager (Male) |
| 16:57 | Create | Villager (Male) |
| 17:01 | Build | Market |
| 17:04 | Build | Blacksmith |
| 17:25 | Create | Villager (Male) |
| 17:25 | Create | Villager (Male) |
| 17:32 | Build | House |
| 17:39 | Build | House |
| 17:52 | Build | House |
| 17:54 | Build | House |
| 17:55 | Build | House |
| 18:05 | Build | Farm |
| 18:05 | Build | Farm |
| 18:06 | Build | Farm |
| 18:06 | Build | Farm |
| 18:06 | Build | Farm |
| 18:07 | Build | Farm |
| 18:10 | Build | Farm |
| 18:10 | Build | Farm |
| 18:20 | Build | Farm |
| 18:20 | Build | Farm |
| 18:21 | Build | Farm |
| 18:21 | Build | Farm |
| 18:21 | Build | Farm |
| 18:21 | Build | Farm |
| 18:22 | Build | Farm |
| 18:46 | Research | Horse Collar |
| 18:55 | Research | Double-Bit Axe |
| 18:58 | Create | Villager (Male) |
| 18:59 | Create | Villager (Male) |
| 18:59 | Create | Villager (Male) |
| 19:18 | Build | Mining Camp |
| 19:25 | Create | Villager (Male) |
| 20:08 | Create | Villager (Male) |
| 20:27 | Create | Villager (Male) |
| 21:09 | Create | Villager (Male) |
| 21:50 | Create | Trade Cart |
| 22:16 | Build | Market |
| 22:19 | Create | Villager (Male) |
| 22:25 | Research | Castle Age |
| 22:39 | Create | Villager (Male) |
| 22:47 | Research | Heavy Plow |
| 22:54 | Research | Bow Saw |
| 23:20 | Research | Heavy Plow |
| 24:38 | Create | Trade Cart |
| 25:01 | Build | Barracks |
| 25:05 | Age | Castle Age |
| 25:05 | Create | Villager (Male) |
| 25:17 | Build | Town Center |
| 25:28 | Research | Two-Man Saw |
| 25:46 | Research | Crop Rotation |
| 25:50 | Create | Villager (Male) |
| 25:51 | Create | Villager (Male) |
| 26:03 | Create | Villager (Male) |
| 26:03 | Create | Villager (Male) |
| 26:27 | Create | Trade Cart |
| 27:04 | Build | Monastery |
| 27:10 | Create | Villager (Male) |
| 27:10 | Create | Villager (Male) |
| 27:11 | Create | Villager (Male) |
| 27:11 | Create | Villager (Male) |
| 27:35 | Create | Villager (Male) |
| 27:36 | Create | Villager (Male) |
| 27:49 | Build | Town Center |
| 27:53 | Create | Villager (Male) |
| 27:53 | Create | Villager (Male) |
| 27:54 | Create | Villager (Male) |
| 27:57 | Build | Farm |
| 27:58 | Build | Farm |
| 28:04 | Create | Monk |
| 28:30 | Build | Siege Workshop |
| 28:34 | Create | Villager (Male) |
| 28:34 | Create | Villager (Male) |
| 28:34 | Create | Villager (Male) |
| 28:34 | Create | Villager (Male) |
| 28:42 | Build | Lumber Camp |
| 28:50 | Research | Wheelbarrow |
| 28:52 | Create | Villager (Male) |
| 28:52 | Create | Villager (Male) |
| 28:52 | Create | Villager (Male) |
| 28:58 | Create | Villager (Male) |
| 28:58 | Create | Villager (Male) |
| 28:59 | Create | Villager (Male) |
| 29:07 | Build | House |
| 29:09 | Build | House |
| 29:12 | Build | House |
| 29:16 | Build | House |
| 29:50 | Research | Fervor |
| 30:00 | Create | Villager (Male) |
| 30:00 | Create | Villager (Male) |
| 30:00 | Create | Villager (Male) |
| 30:00 | Create | Villager (Male) |
| 30:07 | Build | Monastery |
| 30:12 | Build | University |
| 30:14 | Create | Villager (Male) |
| 30:14 | Create | Villager (Male) |
| 30:14 | Create | Villager (Male) |
| 30:15 | Create | Villager (Male) |
| 30:20 | Build | Farm |
| 30:20 | Build | Farm |
| 30:20 | Build | Farm |
| 30:21 | Build | Farm |
| 30:21 | Build | Farm |
| 30:21 | Build | Farm |
| 30:31 | Create | Villager (Male) |
| 30:31 | Create | Villager (Male) |
| 30:40 | Create | Villager (Male) |
| 30:41 | Create | Villager (Male) |
| 30:41 | Create | Villager (Male) |
| 30:46 | Create | Mangonel |
Build order — Kayan
First 150 of 292 actions detected
| 0:04 | Build | House |
| 0:06 | Build | House |
| 0:09 | Build | House |
| 0:32 | Create | Villager (Male) ×4 |
| 1:22 | Build | Palisade Wall |
| 1:35 | Build | Building 796 |
| 2:17 | Create | Villager (Male) |
| 2:17 | Create | Villager (Male) |
| 3:37 | Create | Villager (Male) ×2 |
| 3:47 | Build | Lumber Camp |
| 4:06 | Create | Villager (Male) |
| 4:35 | Create | Villager (Male) |
| 5:15 | Create | Villager (Male) |
| 5:16 | Create | Villager (Male) |
| 5:16 | Create | Villager (Male) |
| 5:47 | Build | Mill |
| 5:56 | Build | Mill |
| 6:26 | Create | Villager (Male) |
| 6:26 | Create | Villager (Male) |
| 7:30 | Create | Villager (Male) |
| 7:30 | Create | Villager (Male) |
| 7:30 | Create | Villager (Male) |
| 7:31 | Create | Villager (Male) |
| 8:25 | Research | Loom |
| 8:48 | Research | Feudal Age |
| 9:48 | Build | Dock |
| 10:15 | Build | House |
| 10:58 | Age | Feudal Age |
| 11:04 | Build | Stone Wall |
| 11:15 | Create | Villager (Male) |
| 11:15 | Create | Villager (Male) |
| 11:15 | Create | Villager (Male) |
| 11:23 | Research | Double-Bit Axe |
| 12:30 | Research | Wheelbarrow |
| 12:30 | Create | Villager (Male) |
| 12:40 | Build | Mining Camp |
| 12:58 | Research | Loom |
| 13:08 | Build | House |
| 13:11 | Create | Fishing Ship |
| 13:11 | Create | Fishing Ship |
| 13:45 | Build | Stone Wall |
| 13:51 | Create | Villager (Male) ×5 |
| 14:07 | Build | Building 673 |
| 14:13 | Create | Villager (Male) ×5 |
| 14:33 | Create | Fishing Ship |
| 14:52 | Build | Stone Wall |
| 15:06 | Build | Stone Wall |
| 15:20 | Create | Villager (Male) ×5 |
| 15:28 | Research | Horse Collar |
| 15:33 | Build | Market |
| 15:46 | Build | House |
| 15:55 | Build | House |
| 16:29 | Build | Blacksmith |
| 16:39 | Build | Mining Camp |
| 16:49 | Build | Mining Camp |
| 17:18 | Create | Villager (Male) |
| 17:18 | Create | Villager (Male) |
| 18:04 | Create | Fishing Ship |
| 18:04 | Create | Fishing Ship |
| 18:32 | Build | Farm |
| 18:53 | Research | Castle Age |
| 19:07 | Research | Stone Mining |
| 19:42 | Build | Farm |
| 19:43 | Build | Farm |
| 19:53 | Create | Trade Cart |
| 20:39 | Research | Gold Mining |
| 21:21 | Build | Stone Wall |
| 21:25 | Build | Building 673 |
| 21:33 | Age | Castle Age |
| 21:34 | Create | Villager (Male) ×3 |
| 21:53 | Research | Bow Saw |
| 22:16 | Create | Villager (Male) |
| 22:26 | Build | Town Center |
| 22:35 | Build | Monastery |
| 23:00 | Build | Farm |
| 23:02 | Create | Villager (Male) |
| 23:02 | Create | Villager (Male) |
| 23:10 | Build | Fish Trap |
| 23:13 | Build | Fish Trap |
| 23:16 | Build | Fish Trap |
| 23:18 | Build | Fish Trap |
| 23:21 | Build | Fish Trap |
| 23:24 | Create | Fishing Ship |
| 23:24 | Create | Fishing Ship |
| 23:31 | Build | House |
| 23:39 | Build | House |
| 23:52 | Create | Monk |
| 24:01 | Create | Trade Cart |
| 24:08 | Create | Villager (Male) |
| 24:08 | Create | Villager (Male) |
| 24:19 | Build | Farm |
| 24:23 | Build | Farm |
| 24:24 | Build | Farm |
| 24:25 | Build | Farm |
| 24:25 | Build | Farm |
| 24:26 | Build | Farm |
| 24:26 | Build | Farm |
| 24:27 | Build | Farm |
| 24:56 | Build | Castle |
| 25:15 | Build | Farm |
| 25:18 | Build | Farm |
| 25:20 | Create | Villager (Male) |
| 25:20 | Create | Villager (Male) |
| 25:39 | Create | Villager (Male) |
| 25:39 | Create | Villager (Male) |
| 25:48 | Create | Monk |
| 26:09 | Build | House |
| 26:11 | Build | House |
| 26:14 | Create | Trade Cart |
| 26:16 | Build | Farm |
| 26:19 | Build | Farm |
| 26:39 | Build | Fish Trap |
| 26:44 | Build | Fish Trap |
| 26:47 | Create | Fishing Ship |
| 26:47 | Create | Fishing Ship |
| 26:54 | Create | Villager (Male) ×5 |
| 27:07 | Build | Mining Camp |
| 27:55 | Research | Hand Cart |
| 27:59 | Build | Fish Trap |
| 28:02 | Create | Fishing Ship |
| 28:08 | Build | Fish Trap |
| 28:13 | Create | Villager (Male) ×5 |
| 28:34 | Build | Fish Trap |
| 28:38 | Build | Farm |
| 29:10 | Create | Villager (Male) |
| 29:11 | Create | Villager (Male) |
| 29:32 | Research | Imperial Age |
| 29:41 | Create | Trade Cart |
| 29:41 | Create | Trade Cart |
| 29:45 | Build | Fish Trap |
| 30:05 | Build | Dock |
| 30:21 | Research | Stone Shaft Mining |
| 30:21 | Research | Gold Shaft Mining |
| 30:25 | Create | Woad Raider ×5 |
| 30:32 | Build | Siege Workshop |
| 30:44 | Create | Villager (Male) ×5 |
| 30:58 | Build | University |
| 31:50 | Build | Castle |
| 32:11 | Build | Farm |
| 32:19 | Build | Town Center |
| 32:23 | Create | Fishing Ship |
| 32:23 | Create | Fishing Ship |
| 32:23 | Create | Fishing Ship |
| 33:03 | Age | Imperial Age |
| 33:04 | Build | Farm |
| 33:04 | Build | Farm |
| 33:05 | Build | Farm |
| 33:05 | Build | Farm |
| 33:05 | Build | Farm |
| 33:05 | Build | Farm |
Build order — moses242
First 150 of 421 actions detected
| 0:03 | Create | Villager (Male) |
| 0:03 | Create | Villager (Male) |
| 0:03 | Create | Villager (Male) |
| 0:04 | Create | Villager (Male) |
| 0:04 | Create | Villager (Male) |
| 0:06 | Build | House |
| 0:27 | Build | House |
| 0:44 | Build | House |
| 0:45 | Build | House |
| 1:55 | Create | Villager (Male) |
| 1:56 | Create | Villager (Male) |
| 2:10 | Create | Villager (Male) |
| 2:39 | Create | Villager (Male) |
| 3:12 | Create | Villager (Male) |
| 3:28 | Create | Villager (Male) |
| 3:53 | Create | Villager (Male) |
| 4:30 | Create | Villager (Male) |
| 4:55 | Build | Mill |
| 5:26 | Create | Villager (Male) |
| 5:27 | Create | Villager (Male) |
| 5:28 | Create | Villager (Male) |
| 5:38 | Create | Villager (Male) |
| 5:40 | Create | Villager (Male) |
| 7:00 | Create | Villager (Male) |
| 7:00 | Create | Villager (Male) |
| 7:01 | Create | Villager (Male) |
| 7:01 | Create | Villager (Male) |
| 9:02 | Create | Villager (Male) |
| 9:03 | Create | Villager (Male) |
| 9:28 | Build | Lumber Camp |
| 10:09 | Research | Feudal Age |
| 11:02 | Build | Mining Camp |
| 12:19 | Age | Feudal Age |
| 12:27 | Build | Stone Wall |
| 12:39 | Build | Building 673 |
| 14:52 | Build | Barracks |
| 14:59 | Build | Barracks |
| 15:00 | Build | Barracks |
| 15:02 | Build | Barracks |
| 15:50 | Research | Double-Bit Axe |
| 15:57 | Research | Castle Age |
| 16:46 | Build | Barracks |
| 16:50 | Build | Barracks |
| 17:29 | Create | Villager (Male) |
| 17:30 | Create | Villager (Male) |
| 17:30 | Create | Villager (Male) |
| 17:31 | Create | Villager (Male) |
| 17:31 | Create | Villager (Male) |
| 17:31 | Create | Villager (Male) |
| 18:37 | Age | Castle Age |
| 18:43 | Build | Town Center |
| 19:01 | Create | Villager (Male) |
| 19:01 | Create | Villager (Male) |
| 19:01 | Create | Villager (Male) |
| 19:10 | Build | Town Center |
| 19:22 | Build | House |
| 19:23 | Build | House |
| 19:24 | Build | House |
| 19:25 | Build | House |
| 19:28 | Build | House |
| 19:29 | Build | House |
| 19:30 | Build | House |
| 19:31 | Build | House |
| 19:32 | Build | House |
| 19:34 | Build | House |
| 19:41 | Build | Mining Camp |
| 19:57 | Create | Villager (Male) |
| 20:04 | Create | Villager (Male) |
| 20:05 | Create | Villager (Male) |
| 20:05 | Create | Villager (Male) |
| 20:05 | Create | Villager (Male) |
| 21:25 | Build | Farm |
| 21:26 | Build | Farm |
| 21:28 | Build | Farm |
| 21:29 | Build | Farm |
| 21:30 | Build | Farm |
| 21:32 | Build | Farm |
| 21:34 | Build | Farm |
| 21:37 | Build | Farm |
| 21:57 | Create | Villager (Male) |
| 22:25 | Build | Town Center |
| 22:32 | Create | Villager (Male) |
| 22:32 | Create | Villager (Male) |
| 22:33 | Create | Villager (Male) |
| 22:52 | Create | Villager (Male) |
| 23:08 | Build | Lumber Camp |
| 23:57 | Create | Villager (Male) |
| 23:58 | Create | Villager (Male) |
| 23:58 | Create | Villager (Male) |
| 23:58 | Create | Villager (Male) |
| 23:58 | Create | Villager (Male) |
| 24:26 | Create | Villager (Male) |
| 24:27 | Create | Villager (Male) |
| 24:39 | Build | House |
| 24:40 | Build | House |
| 24:41 | Build | House |
| 24:43 | Build | House |
| 24:44 | Build | House |
| 24:47 | Build | House |
| 24:56 | Create | Villager (Male) |
| 24:56 | Create | Villager (Male) |
| 24:57 | Create | Villager (Male) |
| 24:57 | Create | Villager (Male) |
| 25:18 | Create | Villager (Male) |
| 25:19 | Create | Villager (Male) |
| 25:19 | Create | Villager (Male) |
| 25:30 | Create | Villager (Male) |
| 25:45 | Build | Farm |
| 25:46 | Build | Farm |
| 25:47 | Build | Farm |
| 25:49 | Build | Farm |
| 25:51 | Build | Farm |
| 25:52 | Build | Farm |
| 25:57 | Build | Farm |
| 25:59 | Build | Farm |
| 26:00 | Build | Farm |
| 26:02 | Build | Farm |
| 26:04 | Build | Farm |
| 26:05 | Build | Farm |
| 26:12 | Create | Villager (Male) |
| 26:12 | Create | Villager (Male) |
| 26:13 | Create | Villager (Male) |
| 26:20 | Create | Villager (Male) |
| 26:20 | Create | Villager (Male) |
| 26:20 | Create | Villager (Male) |
| 26:31 | Build | Market |
| 26:36 | Build | Blacksmith |
| 26:44 | Create | Villager (Male) |
| 26:44 | Create | Villager (Male) |
| 26:44 | Create | Villager (Male) |
| 26:45 | Create | Villager (Male) |
| 27:06 | Build | University |
| 27:15 | Create | Villager (Male) |
| 27:16 | Create | Villager (Male) |
| 27:39 | Create | Villager (Male) |
| 27:39 | Create | Villager (Male) |
| 27:40 | Create | Villager (Male) |
| 27:40 | Create | Villager (Male) |
| 27:40 | Create | Villager (Male) |
| 27:40 | Create | Villager (Male) |
| 27:41 | Create | Villager (Male) |
| 27:41 | Create | Villager (Male) |
| 27:43 | Create | Villager (Male) |
| 27:44 | Create | Villager (Male) |
| 27:47 | Create | Villager (Male) |
| 28:01 | Build | House |
| 28:04 | Build | House |
| 28:06 | Build | House |
| 28:07 | Build | House |
| 28:08 | Build | House |
Build order — [S]afe'
First 150 of 315 actions detected
| 0:06 | Build | House |
| 0:07 | Build | House |
| 0:09 | Build | House |
| 0:26 | Create | Villager (Male) |
| 0:26 | Create | Villager (Male) |
| 0:26 | Create | Villager (Male) |
| 0:26 | Create | Villager (Male) |
| 1:43 | Build | Mill |
| 2:39 | Create | Villager (Male) |
| 2:45 | Create | Villager (Male) |
| 3:07 | Create | Villager (Male) |
| 4:18 | Create | Villager (Male) |
| 5:59 | Create | Villager (Male) |
| 6:15 | Build | Lumber Camp |
| 6:47 | Create | Villager (Male) |
| 8:35 | Build | Palisade Wall |
| 9:20 | Create | Villager (Male) |
| 9:36 | Research | Feudal Age |
| 10:48 | Build | Outpost |
| 11:19 | Build | Mining Camp |
| 11:55 | Age | Feudal Age |
| 11:57 | Create | Villager (Male) |
| 11:58 | Create | Villager (Male) |
| 12:28 | Create | Villager (Male) |
| 12:46 | Create | Villager (Male) |
| 13:18 | Create | Villager (Male) |
| 13:23 | Build | House |
| 14:10 | Build | Barracks |
| 14:13 | Create | Villager (Male) |
| 14:21 | Research | Horse Collar |
| 14:30 | Create | Villager (Male) |
| 15:20 | Create | Villager (Male) |
| 15:22 | Create | Villager (Male) |
| 15:46 | Build | Market |
| 15:55 | Create | Villager (Male) |
| 16:08 | Create | Spearman |
| 16:08 | Create | Spearman |
| 16:08 | Create | Spearman |
| 16:08 | Create | Spearman |
| 16:09 | Create | Spearman |
| 16:09 | Create | Spearman |
| 16:25 | Build | House |
| 16:34 | Research | Double-Bit Axe |
| 17:11 | Build | House |
| 17:17 | Build | Lumber Camp |
| 17:20 | Create | Villager (Male) |
| 17:38 | Create | Spearman |
| 17:38 | Create | Spearman |
| 17:58 | Build | Farm |
| 18:09 | Build | Farm |
| 18:29 | Build | Farm |
| 18:38 | Build | Farm |
| 18:42 | Create | Villager (Male) |
| 19:03 | Create | Trade Cart |
| 19:17 | Create | Villager (Male) |
| 19:26 | Build | House |
| 19:27 | Build | House |
| 19:32 | Build | Farm |
| 19:40 | Build | Farm |
| 19:50 | Create | Spearman |
| 19:50 | Create | Spearman |
| 20:19 | Create | Trade Cart |
| 20:41 | Build | Farm |
| 20:44 | Create | Villager (Male) |
| 21:07 | Build | Blacksmith |
| 21:17 | Create | Villager (Male) |
| 21:36 | Build | Dock |
| 21:45 | Build | Farm |
| 21:48 | Build | Farm |
| 22:20 | Research | Castle Age |
| 22:35 | Build | Farm |
| 22:37 | Build | Farm |
| 22:43 | Create | Trade Cart |
| 22:59 | Research | Arson |
| 23:15 | Build | Archery Range |
| 23:24 | Create | Fishing Ship |
| 23:27 | Research | Scale Mail Armor |
| 24:19 | Create | Fishing Ship |
| 24:44 | Create | Archer |
| 24:45 | Create | Archer |
| 24:45 | Create | Archer |
| 24:45 | Create | Archer |
| 24:45 | Create | Archer |
| 24:46 | Create | Archer |
| 24:46 | Create | Archer |
| 25:00 | Age | Castle Age |
| 25:22 | Build | Stone Wall |
| 25:29 | Research | Pikeman (upgrade) |
| 25:35 | Research | Gold Mining |
| 25:38 | Research | Heavy Plow |
| 25:40 | Create | Villager (Male) |
| 25:45 | Build | House |
| 25:45 | Build | House |
| 25:59 | Create | Skirmisher |
| 26:00 | Create | Skirmisher |
| 26:00 | Create | Skirmisher |
| 26:00 | Create | Skirmisher |
| 26:23 | Create | Skirmisher |
| 26:23 | Create | Skirmisher |
| 26:39 | Build | Town Center |
| 26:51 | Build | Lumber Camp |
| 26:53 | Research | Bow Saw |
| 27:03 | Create | Skirmisher |
| 27:03 | Create | Skirmisher |
| 27:26 | Create | Villager (Male) |
| 27:26 | Create | Villager (Male) |
| 27:59 | Build | Siege Workshop |
| 28:22 | Build | Mining Camp |
| 28:27 | Create | Villager (Male) |
| 28:27 | Create | Villager (Male) |
| 28:37 | Research | Forging |
| 28:39 | Research | Fletching |
| 28:40 | Create | Trade Cart |
| 29:01 | Build | University |
| 29:12 | Create | Villager (Male) |
| 29:17 | Build | Lumber Camp |
| 29:28 | Create | Villager (Male) |
| 29:32 | Research | Stone Mining |
| 29:57 | Build | House |
| 29:58 | Build | House |
| 30:02 | Create | Villager (Male) |
| 30:25 | Create | Villager (Male) |
| 30:25 | Create | Villager (Male) |
| 31:09 | Build | Market |
| 31:16 | Build | House |
| 31:17 | Build | House |
| 31:27 | Create | Villager (Male) |
| 31:28 | Create | Villager (Male) |
| 31:44 | Research | Tech 906 |
| 31:59 | Create | Villager (Male) |
| 31:59 | Create | Villager (Male) |
| 32:04 | Build | Farm |
| 32:26 | Build | Farm |
| 32:31 | Build | Farm |
| 32:34 | Create | Villager (Male) |
| 32:43 | Build | Market |
| 32:46 | Create | Trade Cart |
| 33:01 | Research | Elite Skirmisher (upgrade) |
| 33:08 | Create | Iron Pagoda |
| 33:10 | Create | Iron Pagoda |
| 33:15 | Build | Farm |
| 33:38 | Create | Villager (Male) |
| 33:51 | Build | Castle |
| 34:00 | Create | Skirmisher |
| 34:00 | Create | Skirmisher |
| 34:00 | Create | Skirmisher |
| 34:00 | Create | Skirmisher |
| 34:01 | Create | Skirmisher |
| 34:01 | Create | Skirmisher |
| 34:19 | Create | Iron Pagoda |
Match timeline
| 0:48 | eltigre · wall_segment Palisade Wall x9 |
| 1:09 | eltigre · wall_segment Palisade Wall x13 |
| 1:22 | Kayan · wall_segment Palisade Wall x10 |
| 1:31 | eltigre · wall_segment Palisade Wall x2 |
| 4:40 | TrashBoat5023 · wall_segment Palisade Wall x11 |
| 7:46 | Gamer 0071910 · first_building Barracks |
| 8:35 | [S]afe' · wall_segment Palisade Wall x13 |
| 9:48 | Kayan · first_building Dock |
| 10:17 | Gamer 0071910 · first_building Dock |
| 10:58 | Kayan · age_up feudal |
| 11:04 | Kayan · wall_segment Stone Wall x9 |
| 11:09 | Naptime · age_up feudal |
| 11:35 | TrashBoat5023 · resign |
| 11:47 | HorikBull91 · wall_segment Palisade Wall x4 |
| 11:54 | HorikBull91 · wall_segment Palisade Wall x2 |
| 11:55 | [S]afe' · age_up feudal |
| 11:58 | HorikBull91 · wall_segment Palisade Wall x3 |
| 12:09 | eltigre · age_up feudal |
| 12:19 | moses242 · age_up feudal |
| 12:27 | moses242 · wall_segment Stone Wall x15 |
| 13:10 | HorikBull91 · wall_segment Palisade Wall x1 |
| 13:21 | HorikBull91 · wall_segment Palisade Wall x1 |
| 13:45 | Kayan · wall_segment Stone Wall x15 |
| 14:10 | [S]afe' · first_building Barracks |
| 14:52 | Kayan · wall_segment Stone Wall x5 |
| 14:52 | moses242 · first_building Barracks |
| 15:02 | HorikBull91 · age_up feudal |
| 15:06 | Kayan · wall_segment Stone Wall x4 |
| 15:15 | HorikBull91 · first_building Barracks |
| 15:38 | Naptime · first_building Barracks |
| 16:38 | HorikBull91 · first_building Archery Range |
| 18:18 | eltigre · first_building Barracks |
| 18:23 | Kayan · first_market_buy 100 food |
| 18:25 | Kayan · first_market_sell 100 wood |
| 18:29 | eltigre · age_up castle |
| 18:37 | moses242 · age_up castle |
| 18:48 | HorikBull91 · wall_segment Stone Wall x4 |
| 18:51 | Naptime · first_market_sell 100 wood |
| 18:52 | HorikBull91 · wall_segment Stone Wall x2 |
| 18:53 | Naptime · first_market_buy 100 food |
| 18:54 | HorikBull91 · wall_segment Stone Wall x1 |
| 18:56 | HorikBull91 · wall_segment Stone Wall x2 |
| 18:59 | HorikBull91 · wall_segment Stone Wall x1 |
| 19:00 | HorikBull91 · wall_segment Stone Wall x1 |
| 19:04 | HorikBull91 · wall_segment Stone Wall x2 |
| 19:26 | eltigre · first_building Archery Range |
| 19:36 | HorikBull91 · first_building Dock |
| 20:47 | HorikBull91 · first_market_buy 100 wood |
| 21:21 | Kayan · wall_segment Stone Wall x8 |
| 21:33 | Kayan · age_up castle |
| 21:36 | [S]afe' · first_building Dock |
| 21:44 | Gamer 0071910 · first_building Archery Range |
| 21:57 | [S]afe' · first_market_buy 100 food |
| 22:35 | HorikBull91 · age_up castle |
| 22:35 | Kayan · first_building Monastery |
| 23:15 | [S]afe' · first_building Archery Range |
| 24:56 | Kayan · first_building Castle |
| 25:00 | [S]afe' · age_up castle |
| 25:05 | Naptime · age_up castle |
| 25:22 | [S]afe' · wall_segment Stone Wall x15 |
| 26:58 | eltigre · first_building Monastery |
| 27:04 | Naptime · first_building Monastery |
| 27:25 | HorikBull91 · first_market_sell 100 food |
| 27:59 | [S]afe' · first_building Siege Workshop |
| 28:29 | HorikBull91 · first_building Castle |
| 28:30 | Naptime · first_building Siege Workshop |
| 29:50 | eltigre · first_building Siege Workshop |
| 30:32 | Kayan · first_building Siege Workshop |
| 30:34 | eltigre · first_building Castle |
| 31:20 | Gamer 0071910 · first_building Castle |
| 31:38 | moses242 · first_building Siege Workshop |
| 31:41 | Gamer 0071910 · first_building Siege Workshop |
| 31:47 | Gamer 0071910 · first_building Stable |
| 32:57 | Kayan · tribute_sent a jugador 1 |
| 32:57 | Kayan · tribute_sent a jugador 2 |
| 32:57 | Kayan · tribute_sent a jugador 3 |
| 32:57 | Kayan · tribute_sent a jugador 4 |
| 32:57 | Kayan · tribute_sent a jugador 5 |
| 32:57 | Kayan · tribute_sent a jugador 7 |
| 32:57 | Kayan · tribute_sent a jugador 8 |
| 33:03 | Kayan · age_up imperial |
| 33:45 | Naptime · wall_segment Stone Wall x10 |
| 33:51 | [S]afe' · first_building Castle |
| 34:31 | Naptime · first_building Stable |
| 34:37 | Naptime · first_building Archery Range |
| 35:40 | [S]afe' · wall_segment Stone Wall x12 |
| 35:54 | Naptime · wall_segment Stone Wall x1 |
| 36:03 | Naptime · wall_segment Stone Wall x1 |
| 36:17 | Kayan · tribute_sent a jugador 1 |
| 36:17 | Kayan · tribute_sent a jugador 2 |
| 36:17 | Kayan · tribute_sent a jugador 3 |
| 36:17 | Kayan · tribute_sent a jugador 4 |
| 36:17 | Kayan · tribute_sent a jugador 5 |
| 36:17 | Kayan · tribute_sent a jugador 7 |
| 36:17 | Kayan · tribute_sent a jugador 8 |
| 36:36 | moses242 · first_building Castle |
| 37:04 | eltigre · wall_segment Stone Wall x11 |
| 37:43 | HorikBull91 · first_building Monastery |
| 38:07 | moses242 · first_building Archery Range |
| 38:45 | Gamer 0071910 · first_market_sell 100 food |
| 38:57 | moses242 · age_up imperial |
| 39:35 | [S]afe' · age_up imperial |
| 40:04 | Naptime · age_up imperial |
| 40:29 | HorikBull91 · age_up imperial |
| 40:31 | eltigre · age_up imperial |
| 40:46 | Naptime · first_building Castle |
| 40:57 | HorikBull91 · wall_segment Stone Wall x3 |
| 40:59 | HorikBull91 · wall_segment Stone Wall x4 |
| 41:01 | HorikBull91 · wall_segment Stone Wall x3 |
| 41:03 | HorikBull91 · wall_segment Stone Wall x5 |
| 41:05 | HorikBull91 · wall_segment Stone Wall x3 |
| 45:36 | HorikBull91 · first_building Siege Workshop |
| 46:04 | eltigre · wall_segment Stone Wall x6 |
| 47:01 | Gamer 0071910 · wall_segment Stone Wall x5 |
| 47:55 | eltigre · wall_segment Stone Wall x7 |
| 48:03 | eltigre · wall_segment Stone Wall x4 |
| 48:11 | eltigre · wall_segment Stone Wall x2 |
| 54:06 | Kayan · first_building Barracks |
[ AI ANALYSIS · 1 CREDIT ]
What really happened in this match?
Wolo.gg analyzes every decision: build order, eco, micro, common mistakes by bracket. Personalized analysis on WhatsApp or Discord in 30 seconds.
Civ guide
Spanish
Map guide
Black Forest
Perfil
TrashBoat5023